 Dungeon Crawl Stone Soup version 0.25-a0-258-g6d7e32a (webtiles) character file.

Game seed: 11787062353733370899, levelgen mode: deterministic

2247 AtlasWard the Fighter (level 9, -1/81 HPs)
             Began as a Ghoul Monk on Dec 6, 2019.
             Was a Priest of Yredelemnul.
             Slain by a killer bee (9 damage)
             ... on level 7 of the Dungeon.
             The game lasted 00:21:04 (6971 turns).

AtlasWard the Fighter (Ghoul Monk)                  Turns: 6971, Time: 00:21:04

Health: -1/81      AC: 12    Str: 17    XL:     9   Next: 37%
Magic:  12/12      EV:  7    Int:  6    God:    Yredelemnul [***...]
Gold:   397        SH:  0    Dex: 11    Spells: 8/8 levels left

rFire    + . .     SeeInvis .   v - +4 flail (protect)
rCold    + . .     Gourm    .   (no shield)
rNeg     + + +     Faith    .   M - +2 chain mail {rF+}
rPois    ∞         Spirit   .   (no helmet)
rElec    .         Reflect  .   r - +1 cloak
rCorr    .         Harm     .   (no gloves)
MR       .....                  (no boots)
Stlth    ..........             (no amulet)
HPRegen  0.00/turn              i - ring of flight
MPRegen  0.13/turn              (no ring)

@: rotting
A: rotting body, claws 1, carnivore, cold resistance 1, negative energy
resistance 3, inhibited regeneration, torment resistance, unbreathing
a: Recall Undead Slaves, Injury Mirror, Animate Dead, Renounce Religion, Evoke
Flight


You were on level 7 of the Dungeon.
You worshipped Yredelemnul.
Yredelemnul was most pleased with you.
You were not hungry.

You visited 1 branch of the dungeon, and saw 8 of its levels.
You also visited: Sewer.

You collected 397 gold pieces.

Inventory:

Hand Weapons
 a - a +0 spear
 d - the +6 great mace of Faest {crush, rF+ Str-4 Dex+4}
   (You took it off an ogre on level 4 of the Dungeon)

   It inflicts extra damage upon your enemies.
   It affects your strength (-4).
   It affects your dexterity (+4).
   It protects you from fire.
 l - a +1 spear of venom
 q - a +0 flail
 v - a +4 flail of protection (weapon)
 E - the cursed +0 long sword of Evil {elec, *Rage Int+3, unknown}
   (You found it on level 6 of the Dungeon)

   Occasionally, upon striking a foe, it will discharge some electrical energy
   and cause terrible harm.
   It affects your intelligence (+3).
   It may make you go berserk in combat.
   It has a curse placed upon it.
Armour
 r - a +1 cloak (worn)
 w - a +2 ring mail of magic resistance
 M - a +2 chain mail of fire resistance (worn)
Jewellery
 i - a ring of flight (left claw)
Wands
 u - a wand of flame (17)
 G - a wand of digging (3)
 J - a wand of scattershot (6)
Scrolls
 b - a scroll of holy word {unknown}
 e - 4 scrolls of identify
 f - a scroll of amnesia
 j - 2 scrolls of noise
 k - a scroll of enchant weapon
 n - a scroll of enchant armour
 o - 3 scrolls of blinking
 t - 2 scrolls of fear
 y - 3 scrolls of immolation {unknown}
 z - a scroll of magic mapping
 A - 5 scrolls of teleportation {unknown}
 D - a scroll of fog {unknown}
 H - a scroll of silence {unknown}
Potions
 g - 3 potions of mutation
 h - a potion of ambrosia
 m - a potion of cancellation
 p - a potion of agility {unknown}
 s - 2 potions of curing
 x - 4 potions of heal wounds
 C - 2 potions of degeneration {unknown}
 I - a potion of haste {unknown}
 K - a potion of brilliance
 L - a potion of resistance {unknown}
Comestibles
 c - 21 rations
 B - 3 chunks of flesh


   Skills:
 - Level 8.0 Fighting
 * Level 5.7 Maces & Flails
 - Level 5.2 Polearms
 - Level 2.0 Armour
 - Level 2.6 Dodging
 - Level 2.1 Stealth
 - Level 6.0 Invocations


You had 8 spell levels left.
You didn't know any spells.
Your spell library contained the following spells:

 Spells                   Type           Power        Failure   Level  Hunger
 Animate Skeleton         Necr           N/A          100%        1    ##.....
 Pain                     Necr           #...         100%        1    ##.....
 Regeneration             Chrm/Necr      #.........   100%        3    ####...
 Vampiric Draining        Necr           #.........   100%        3    ####...
 Animate Dead             Necr           N/A          100%        4    #####..


Dungeon Overview and Level Annotations

Branches:
Dungeon (8/15)             Temple (0/1) D:6           Sewer (visited)
   Lair: D:8-11

Altars:
Dithmenos
Hepliaklqana
Nemelex Xobeh
Qazlal
Ru
Yredelemnul
Zin

Shops:
D:7 [

Annotations:
D:3 wampuh's ghost, amateur GnFi
D:7 1 transporter


Innate Abilities, Weirdness & Mutations

Your body is rotting away.
You thrive on raw meat.
You are immune to poison.
You have sharp fingernails.
You are carnivorous and can eat meat at any time.
Your flesh is cold resistant. (rC+)
You are immune to negative energy. (rN+++)
You do not regenerate when monsters are visible.
You are immune to unholy pain and torment.
You can survive without breathing.


Message History

You climb upwards.
Level annotation: 1 transporter
There is a stone staircase leading down here.
Eat one of 5 chunks of flesh? (ye/n/q)
You eat one of the 5 chunks of flesh.
This raw flesh tastes great!
The killer bee stings you but does no damage.
The killer bee stings you!
* * * LOW HITPOINT WARNING * * *
The killer bee stings you.
* * * LOW HITPOINT WARNING * * *
Eat one of 4 chunks of flesh? (ye/n/q)
You eat one of the 4 chunks of flesh.
This raw flesh tastes great!
The killer bee barely misses you.
The killer bee stings you but does no damage. x2
You miss the killer bee.
The killer bee is moderately wounded.
The killer bee stings you but does no damage.
The killer bee stings you!
You die...
Yredelemnul claims you as an undead slave.

######............# #.....#
#....#.#.....###### #.....#
#Z##.#.#.############.....#
#.#..#.#.#................#
#.#..#.#.#.........Z......#
#.##.....#####...#####.####
#.##........##.......#.#
#..'......[.##....##.#.#
####.......)@y....##.#.#
#........####...###.#.#
#.....).............#.#
#..).))...###...#####Z# ##
#...............#####.# #.
#.....<...........Z.#.# #.
#....[..#..########.#.# #.
###...........#...#.#.#####.
#.#######...#.#.#Z#.......


You could see a killer bee (berserk).

Vanquished Creatures
  Sigmund (D:6)
  Eustachio (D:4)
  A hungry ghost (D:7)
  Edmund (D:5)
  An orc warrior (D:7)
  A sky beast (D:6)
  A black bear (D:6)
  A necrophage (D:7)
  3 centaurs
  2 ogres (D:4)
  A bullfrog (D:8)
  A wyvern skeleton (D:7)
  2 scorpions
  A killer bee (D:8)
  An electric eel (D:8)
  Crazy Yiuf (D:3)
  2 jellies (D:7)
  A centaur skeleton (D:8)
  An orc priest (D:8)
  2 iguanas
  5 worker ants
  A worker ant zombie (D:7)
  3 gnolls (D:7)
  12 adders
  2 river rats (Sewer)
  A shadow imp (D:7)
  5 worms
  A dart slug (D:1)
  2 leopard geckos
  11 orcs
  11 bats
  4 giant cockroaches
  5 goblins
  6 hobgoblins
  4 jackals (D:2)
  7 kobolds
  3 quokkas
  6 ball pythons
  10 frilled lizards
  A quokka zombie (D:7)
  9 rats
135 creatures vanquished.

Vanquished Creatures (collateral kills)
  Blork the orc (D:4)
1 creature vanquished.

Vanquished Creatures (others)
  An ogre zombie (D:4)
  A human zombie (D:4)
  An adder skeleton (D:7)
  An orc zombie (D:4)
4 creatures vanquished.

Grand Total: 140 creatures vanquished

Notes
Turn   | Place    | Note
-------+----------+-------------------------------------------
     0 | D:1      | AtlasWard the Ghoul Monk began the quest for the Orb.
     0 | D:1      | Reached XP level 1. HP: 19/19 MP: 0/0
   188 | D:1      | Reached XP level 2. HP: 23/26 MP: 1/1
   604 | D:1      | Reached XP level 3. HP: 20/33 MP: 2/2
   682 | D:1      | Reached skill level 4 in Fighting
  1132 | D:2      | Reached XP level 4. HP: 22/41 MP: 3/3
  1593 | D:2      | Found a hazy altar of Hepliaklqana.
  1597 | D:2      | Found a basalt altar of Yredelemnul.
  1605 | D:2      | Found a glowing silver altar of Zin.
  1612 | D:2      | Became a worshipper of Yredelemnul the Dark
  1612 | D:2      | Reached * piety under Yredelemnul
  1612 | D:2      | Reached ** piety under Yredelemnul
  2009 | D:3      | Found a runed translucent door.
  2010 | D:3      | Noticed Crazy Yiuf
  2606 | D:3      | Killed Crazy Yiuf
  2606 | D:3      | Reached skill level 5 in Fighting
  2606 | D:3      | Reached XP level 5. HP: 31/48 MP: 4/4
  2669 | D:4      | Noticed an ogre
  2723 | D:4      | Found a shadowy altar of Dithmenos.
  3083 | D:4      | Found a transporter.
  3084 | D:4      | Noticed wampuh's ghost (amateur GnFi)
  3086 | D:4      | Identified the +6 great mace of Faest {crush, rF+ Str-4
                  | Dex+4}
  3086 | D:4      | Noticed an ogre
  3089 | D:4      | Found a transporter.
  3134 | D:4      | Killed an ogre
  3134 | D:4      | Reached skill level 1 in Invocations
  3134 | D:4      | Reached XP level 6. HP: 29/56 MP: 5/5
  3200 | D:4      | Noticed Eustachio
  3201 | D:4      | Noticed Blork the orc
  3472 | D:4      | Killed Eustachio
  3493 | D:4      | Killed Blork the orc
  3493 | D:4      | Reached skill level 6 in Fighting
  3570 | D:4      | Reached skill level 5 in Polearms
  3570 | D:4      | Reached XP level 7. HP: 37/63 MP: 6/8
  3714 | D:4      | Your ally Eustachio died
  4031 | D:5      | Entered Level 5 of the Dungeon
  4096 | D:5      | Found a stormy altar of Qazlal.
  4202 | D:5      | Noticed Edmund
  4222 | D:5      | Killed Edmund
  4222 | D:5      | Reached skill level 1 in Armour
  4335 | D:5      | Reached skill level 1 in Maces & Flails
  4335 | D:5      | Reached XP level 8. HP: 40/71 MP: 8/10
  4716 | D:6      | Got a slimy long sword
  4786 | D:6      | Found a staircase to the Ecumenical Temple.
  4885 | D:6      | Found a sacrificial altar of Ru.
  5085 | D:6      | Noticed Sigmund
  5106 | D:6      | Killed Sigmund
  5106 | D:6      | Reached skill level 7 in Fighting
  5142 | D:6      | Found a glowing drain.
  5153 | Sewer    | Entered a sewer
  5698 | D:7      | Found Soulaa Yhonn's Armour Shoppe.
  5704 | D:7      | Reached *** piety under Yredelemnul
  5710 | D:7      | Reached skill level 5 in Invocations
  5805 | D:7      | Reached XP level 9. HP: 64/80 MP: 12/12
  6405 | D:7      | Found a sparkling altar of Nemelex Xobeh.
  6405 | D:7      | Found a transporter.
  6405 | D:7      | Noticed a fire dragon
  6405 | D:7      | Noticed a death knight
  6501 | D:7      | Reached skill level 8 in Fighting
  6501 | D:7      | Reached skill level 5 in Maces & Flails
  6952 | D:8      | Noticed a queen bee
  6971 | D:7      | Slain by a killer bee

Levels and vault maps discovered:
D:1:      dpeg_arrival_tiny_a, layout_loops_cross
D:2:      layout_basic, minmay_overflow_temple_star_quad,
          chequers_serial_rivers_small_3
D:3:      layout_loops_ring, uniq_crazy_yiuf_cottage
D:4:      layout_loops_ring, gammafunk_ghost_smash, first_ration,
          grunt_ministairs_5, minmay_misc_feat_five,
          grunt_dithmenos_smoke_and_mirrors, uniq_eustachio, uniq_blork_the_orc
D:5:      layout_rooms, grunt_qazlal_sundering, uniq_edmund
D:6:      layout_basic, nicolae_ru_the_path_less_chosen,
          minmay_temple_entry_gardened_gates, cheibrodos_sewer_entry_bend,
          uniq_sigmund
D:7:      layout_basic, serial_shops, shop, grunt_nemelex_the_gamble
D:8:      layout_loops_corners, kennysheep_mini_moat, serial_shops,
          kennysheep_little_box, david_nohive_1, lightli_minifort, uniq_maurice

Skill      XL: |  1  2  3  4  5  6  7  8  9 |
---------------+----------------------------+-----
Polearms       | 3 4 5 |  5.2
Fighting       | 4 5 6 7 8 |  8.0
Invocations    | 1 2 4 5 6 |  6.0
Armour         | 1 2 |  2.0
Maces & Flails | 1 4 5 |  5.7
Dodging        | |  2.6
Stealth        | |  2.1

Action                   |  1- 3 |  4- 6 |  7- 9 || total
-------------------------+-------+-------+-------++-------
Melee: Spear             |   156 |   195 |    42 ||   393
       Flail             |       |       |   288 ||   288
Invok: Animate Remains   |       |     3 |       ||     3
       Animate Dead      |       |       |     1 ||     1
  Use: Scroll            |       |       |     9 ||     9
       Potion            |       |       |     6 ||     6
 Stab: Sleeping          |     6 |     5 |     1 ||    12
       Distracted        |       |     1 |     2 ||     3
  Eat: Chunk             |     8 |    25 |    26 ||    59
Armor: Robe              |    19 |    27 |     7 ||    53
       Ring mail         |       |       |   113 ||   113
       Chain mail        |       |       |    35 ||    35
Dodge: Dodged            |    80 |    80 |   166 ||   326

Table legend:
 A = Non-vault XP
 B = Vault XP
 C = Vault XP percentage of total XP
 D = Non-vault monster count
 E = Vault monster count
 F = Vault count percentage of total count
                 A         B        C        D         E       F
            +---------+---------+-------+---------+---------+-------
      Total |    2259 |     952 |  29.6 |     114 |      22 |  16.2
            +---------+---------+-------+---------+---------+-------
        D:1 |      36 |       0 |   0.0 |      18 |       0 |   0.0
        D:2 |     103 |       0 |   0.0 |      29 |       0 |   0.0
        D:3 |      21 |      42 |  66.7 |      13 |       1 |   7.1
        D:4 |     206 |     399 |  66.0 |       7 |       3 |  30.0
        D:5 |     248 |     173 |  41.1 |       8 |       1 |  11.1
        D:6 |     375 |     228 |  37.8 |       3 |       2 |  40.0
        D:7 |    1007 |       0 |   0.0 |      28 |       0 |   0.0
        D:8 |     263 |      59 |  18.3 |       8 |       1 |  11.1
      Sewer |       0 |      51 | 100.0 |       0 |      14 | 100.0
            +---------+---------+-------+---------+---------+-------
